 Dungeon Crawl Stone Soup version 0.21.1-1-g345015f (webtiles) character file.

4739 Fang the Cleaver (level 10, -6/63 HPs)
             Began as a Gargoyle Berserker on May 30, 2018.
             Was a High Priest of Trog.
             Mangled by a killer bee (7 damage)
             ... on level 8 of the Dungeon.
             The game lasted 00:12:15 (7767 turns).

Fang the Cleaver (Gargoyle Berserker)               Turns: 7767, Time: 00:12:16

Health: -6/63      AC: 13    Str: 27    XL:     10   Next: 46%
Magic:  10/10      EV: 15    Int:  7    God:    Trog [*****.]
Gold:   481        SH:  4    Dex: 13    Spells: 9/9 levels left

rFire    . . .     SeeInvis +   a - +3 hand axe
rCold    . . .     Gourm    .   (no shield)
rNeg     + . .     Faith    .   y - +3 leather armour of Lifelessness {Dex+4}
rPois    ∞         Spirit   .   (no helmet)
rElec    +         Reflect  +   (no cloak)
rCorr    .         Harm     .   (no gloves)
MR       .....                  (no boots)
Stlth    +++.......             z - +4 amulet of reflection
HPRegen  0.20/turn              v - +2 ring of strength
MPRegen  0.12/turn              w - ring of see invisible

@: berserk cooldown, slowed, very slow
A: negative energy resistance 1, electricity resistance, unbreathing, evolution
1, petrification resistance, rot immunity, AC +7
a: Berserk, Trog's Hand, Brothers in Arms, Burn Spellbooks, Renounce Religion


You were on level 8 of the Dungeon.
You worshipped Trog.
Trog was extremely pleased with you.
You were very hungry.

You visited 2 branches of the dungeon, and saw 9 of its levels.

You collected 481 gold pieces.

Inventory:

Hand Weapons
 a - a +3 hand axe (weapon)
Armour
 y - the +3 leather armour of Lifelessness (worn) {Dex+4}
   (You found it on level 6 of the Dungeon)

   It affects your dexterity (+4).
Jewellery
 q - an uncursed ring of resist corrosion
 r - a +3 ring of protection
 v - a +2 ring of strength (left hand)
 w - a ring of see invisible (right hand)
 z - a +4 amulet of reflection (around neck)
Wands
 A - a wand of random effects (33)
 B - a wand of flame (34)
Scrolls
 e - 2 scrolls of identify
 i - 3 scrolls of remove curse
 t - a scroll of enchant armour
 u - 3 scrolls of teleportation
 x - a scroll of fear
Potions
 b - a potion of haste
 d - a potion of lignification
 g - 2 potions of curing
 h - a potion of ambrosia
 k - a potion of heal wounds
 l - a potion of agility
 m - 2 potions of magic
 n - 2 potions of brilliance
 p - a potion of invisibility
 s - 3 potions of berserk rage
Comestibles
 c - 16 rations


   Skills:
 + Level 7.2 Fighting
 + Level 10.1 Axes
 + Level 3.4 Armour
 + Level 5.7 Dodging
 + Level 6.4 Stealth


You had 9 spell levels left.
You didn't know any spells.

Dungeon Overview and Level Annotations

Branches:
Dungeon (8/15)             Temple (1/1) D:4
   Lair: D:8-11

Altars:
Ashenzari
Cheibriados
Dithmenos
Elyvilon
Fedhas
Gozag
Hepliaklqana
Kikubaaqudgha
Makhleb
Nemelex Xobeh
Okawaru
Qazlal
Ru
Sif Muna
Trog
Uskayaw
Vehumet
Wu Jian
Xom
Yredelemnul
The Shining One

Annotations:
D:5 Prince Ribbit


Innate Abilities, Weirdness & Mutations

You are resistant to torment.
Your stone body is resilient. (AC +7)
You are immune to poison.
You resist negative energy. (rN+)
You are resistant to electric shocks. (rElec)
You can survive without breathing.
You are immune to petrification.
You are immune to rotting.
You evolve.


Message History

Unknown command.
You barely miss the killer bee.
The killer bee is almost dead.
You barely miss the killer bee.
The killer bee stings you but does no damage.
The killer bee misses you. x2
The killer bee stings you but does no damage.
Unknown command.
You slash the killer bee!
You kill the killer bee!
Trog accepts your kill.
You completely miss the killer bee. The killer bee stings you!
* * * LOW HITPOINT WARNING * * *
You are no longer berserk.
Trog's vigour flows through your veins.
You are exhausted.
You feel yourself slow down.
The killer bee stings you but does no damage.
The killer bee stings you!
You die...

.##,,,* *,...,,,,, ##*****
*,*,****** ,* *,,*,***** ,*
*,***,,,,* ,* *,,*,***,* ,*
########### *,*,** *,*
.##########.........# *,*** *,*
..........=.#..#y.#.####,* **,*
*###.....###†..)@.......,*****,*,
####.###.##....†#.##....,,,,,,***
.......#.##...####.#**,.,*****,*,
####.#........#,*,#.#,,,,,,,>,,,*
* #.....##..##*,*,#.#*,,********
* ########..#*,*,*,##*,,* *
#..#,*,*,*,,*,,* ********
#..**,*,*,***,,*
,<,,,,,****,,,,*,*,*,*,,**


You could see a killer bee (berserk).

Vanquished Creatures
  A queen bee (D:8)
  Grinder (D:5)
  A hippogriff (D:8)
  A vampire (D:5)
  Eustachio (D:6)
  Menkaure (D:4)
  A water moccasin (D:5)
  An orc warrior (D:7)
  2 phantoms
  3 ice beasts
  4 sky beasts
  An ogre (D:8)
  5 centaurs
  A crocodile (D:8)
  A wyvern zombie (D:7)
  3 bullfrogs (D:7)
  3 scorpions
  13 killer bees (D:8)
  5 wights (D:7)
  A jelly (D:7)
  2 crimson imps
  Crazy Yiuf (D:6)
  A bullfrog skeleton (D:6)
  2 orc priests
  6 hounds
  A centaur skeleton (D:6)
  4 iguanas
  An orc wizard (D:4)
  7 worker ants
  A killer bee zombie (D:7)
  Robin (D:2)
  2 howler monkey skeletons
  4 gnolls (D:4)
  8 adders
  2 oozes
  2 worms
  3 dart slugs
  6 leopard geckos
  5 orcs
  10 bats
  6 giant cockroaches
  20 goblins
  9 hobgoblins
  15 jackals
  5 quokkas
  A ball python skeleton (D:5)
  5 frilled lizards
  7 kobolds
  2 leopard gecko skeletons
  A leopard gecko zombie (D:8)
  6 rats
196 creatures vanquished.

Notes
Turn   | Place    | Note
-------+----------+-------------------------------------------
     0 | D:1      | Fang the Gargoyle Berserker began the quest for the Orb.
     0 | D:1      | Reached XP level 1. HP: 14/14 MP: 1/1
   109 | D:1      | Reached XP level 2. HP: 11/19 MP: 2/2
   115 | D:1      | Reached skill level 3 in Axes
   715 | D:1      | Reached XP level 3. HP: 16/23 MP: 3/3
  1164 | D:2      | Reached ** piety under Trog
  1184 | D:2      | Noticed Robin
  1199 | D:2      | Killed Robin
  1199 | D:2      | Reached XP level 4. HP: 24/29 MP: 4/4
  2002 | D:2      | Reached skill level 4 in Axes
  2248 | D:3      | Reached *** piety under Trog
  2504 | D:3      | Reached XP level 5. HP: 31/33 MP: 5/5
  2566 | D:3      | Reached skill level 1 in Stealth
  3343 | D:4      | Found a staircase to the Ecumenical Temple.
  3363 | D:4      | Reached XP level 6. HP: 38/38 MP: 6/6
  3384 | Temple   | Entered the Ecumenical Temple
  3585 | D:4      | Reached skill level 5 in Axes
  3762 | D:4      | Noticed Menkaure
  3776 | D:4      | Killed Menkaure
  3776 | D:4      | Reached XP level 7. HP: 44/44 MP: 7/7
  4080 | D:5      | Entered Level 5 of the Dungeon
  4151 | D:5      | Reached **** piety under Trog
  4162 | D:5      | Noticed Grinder
  4174 | D:5      | Paralysed by Grinder for 3 turns
  4185 | D:5      | Killed Grinder
  4185 | D:5      | Reached skill level 6 in Axes
  4407 | D:5      | Reached XP level 8. HP: 24/48 MP: 8/8
  4625 | D:5      | Reached skill level 5 in Fighting
  4679 | D:5      | Noticed a vampire
  4696 | D:5      | Killed a vampire
  4696 | D:5      | Reached skill level 7 in Axes
  4968 | D:5      | Noticed Prince Ribbit
  5279 | D:5      | Found an ancient bone altar of Kikubaaqudgha.
  5279 | D:5      | Found a burning altar of Makhleb.
  5279 | D:5      | Found a snail-covered altar of Cheibriados.
  5279 | D:5      | Found a white marble altar of Elyvilon.
  5292 | D:5      | Found an iron altar of Okawaru.
  5292 | D:5      | Found a sparkling altar of Nemelex Xobeh.
  5800 | D:6      | Reached XP level 9. HP: 48/55 MP: 9/9
  5827 | D:6      | Got a spiked leather armour
  5847 | D:6      | Identified the +3 leather armour of Lifelessness {Dex+4} (You found it on level 6 of the Dungeon)
  5879 | D:6      | Found a runed door.
  6013 | D:6      | Reached skill level 8 in Axes
  6066 | D:6      | Noticed Eustachio
  6074 | D:6      | Killed Eustachio
  6318 | D:6      | Reached skill level 5 in Dodging
  6490 | D:6      | Noticed Crazy Yiuf
  6496 | D:6      | Killed Crazy Yiuf
  6618 | D:7      | Found a snail-covered altar of Cheibriados.
  6641 | D:7      | Reached skill level 5 in Stealth
  6670 | D:7      | Reached skill level 9 in Axes
  6878 | D:7      | Reached ***** piety under Trog
  6959 | D:7      | Gained mutation: Your spells are a little easier to cast, but a little less powerful. [potion of mutation]
  6959 | D:7      | Lost mutation: Your spells are a little easier to cast, but a little less powerful. [potion of mutation]
  6960 | D:7      | Gained mutation: You evolve. [potion of mutation]
  7014 | D:7      | Reached XP level 10. HP: 34/61 MP: 10/10
  7455 | D:8      | Found a shadowy altar of Dithmenos.
  7735 | D:8      | Received a gift from Trog
  7751 | D:8      | Reached skill level 10 in Axes
  7766 | D:8      | HP: 1/94 [killer bee (12)]
  7767 | D:8      | Mangled by a killer bee

Skill      XL: |  1  2  3  4  5  6  7  8  9 10 |
---------------+-------------------------------+-----
Axes           | 3 4 5 6 7 9 10 | 10.1
Dodging        | 2 3 4 5 |  5.7
Stealth        | 1 2 4 5 6 |  6.4
Fighting       | 4 5 6 7 |  7.2
Armour         | 3 |  3.4

Action                   |  1- 3 |  4- 6 |  7- 9 | 10-12 || total
-------------------------+-------+-------+-------+-------++-------
Melee: Hand axe          |   132 |   241 |   337 |   114 ||   824
Invok: Berserk           |     1 |     3 |     4 |     1 ||     9
       Burn Spellbooks   |       |       |     2 |       ||     2
  Use: Scroll            |       |       |    21 |     3 ||    24
       Potion            |       |       |     2 |       ||     2
 Stab: Sleeping          |       |     4 |     9 |     6 ||    19
       Distracted        |       |       |     1 |     1 ||     2
  Eat: Chunk             |     1 |    12 |    14 |     3 ||    30
Armor: Animal skin       |    47 |    82 |    57 |       ||   186
       Leather armour    |       |       |    37 |    52 ||    89
Dodge: Dodged            |    72 |   152 |   214 |   114 ||   552
Block: Other             |       |    16 |    32 |    23 ||    71
       Reflection        |       |       |     2 |       ||     2
